 Dungeon Crawl Stone Soup version 0.29.1-15-g9cfb28693d (webtiles) character file.

Game seed: 23708804190850762

481 Gumption the Chopper (level 6, -1/84 HPs)
             Began as a Minotaur Berserker on Mar 23, 2023.
             Was a Believer of Trog.
             Succumbed to Duvessa's poison
             ... on level 4 of the Dungeon.
             The game lasted 00:23:52 (2941 turns).

Gumption the Chopper (Minotaur Berserker)           Turns: 2941, Time: 00:23:53

Health: -1/84      AC:  9    Str: 24    XL:     6   Next: 87%
Magic:  5/5        EV: 15    Int:  4    God:    Trog [**....]
Gold:   223        SH:  0    Dex:  9    Spells: 5/5 levels left

rFire   . . .      SeeInvis .   a - +0 hand axe
rCold   . . .      Faith    .   (no shield)
rNeg    . . .      Spirit   .   x - +0 ring mail
rPois   .          Reflect  .   (helmet restricted)
rElec   .          Harm     .   v - +1 cloak
rCorr   .          Rampage  .   o - +0 pair of gloves
Will    .....                   (no boots)
Stlth   ..........              (no amulet)
HPRegen 0.24/turn               f - +4 ring of evasion
MPRegen 0.09/turn               (no ring)

@: confused, berserking (expiring), lethally poisoned (-1 -> -15), very quick
A: horns 2, retaliatory headbutt
a: Renounce Religion, Berserk, Trog's Hand


You were on level 4 of the Dungeon.
You worshipped Trog.
Trog was pleased with you.
You visited 1 branch of the dungeon, and saw 4 of its levels.

You collected 223 gold pieces.

Inventory:

Hand Weapons
 a - a +0 hand axe (weapon)
 b - a +0 sling
Missiles
 w - 2 silver boomerangs (quivered)
Armour
 o - a +0 pair of gloves (worn)
 v - a +1 cloak (worn)
 x - a +0 ring mail (worn)
Jewellery
 f - a +4 ring of evasion (left hand)
Wands
 c - a wand of roots (10)
Scrolls
 d - a scroll of vulnerability {unknown}
 e - 2 scrolls of amnesia {unknown}
 g - a scroll of brand weapon {unknown}
 j - 2 scrolls of fear {unknown}
 k - a scroll of summoning
 m - a scroll of immolation {unknown}
 n - a scroll of noise {unknown}
 p - a scroll of magic mapping {unknown}
 q - a scroll of enchant armour {unknown}
 r - 2 scrolls of identify
 s - 4 scrolls of blinking {unknown}
 t - a scroll of butterflies {unknown}
 u - a scroll of enchant weapon {unknown}
Potions
 h - a potion of might
 i - 2 potions of resistance
 l - a potion of curing


   Skills:
 + Level 5.6 Fighting
 * Level 7.2 Axes
 + Level 4.8 Armour
 - Level 2.1 Dodging


You had 5 spell levels left.
You didn't know any spells.
Your spell library was empty.

Dungeon Overview and Level Annotations

Branches:
Dungeon (4/15)
 Temple: D:4-7

Altars:

Annotations:
D:4 Dowan, Duvessa


Innate Abilities, Weirdness & Mutations

You have a pair of horns on your head.
You reflexively headbutt those who attack you in melee.


Message History

You closely miss Duvessa. You punch Duvessa, but do no damage.
Duvessa is severely wounded.
You feel very sick.
Duvessa hits you with a +1 short sword of venom.
You are more poisoned.
You completely miss Duvessa. You headbutt Duvessa.
Duvessa is severely wounded.
You feel very sick.
Duvessa hits you with a +1 short sword of venom.
You are more poisoned.
You closely miss Duvessa. Your headbutt misses Duvessa.
Duvessa is severely wounded.
You feel very sick.
Duvessa drinks a potion.
Duvessa is healed!
A red film seems to cover your vision as you go berserk!
You feel yourself moving faster!
You feel mighty!
You feel very sick.
Duvessa zaps a wand.
The bolt of light hits you.
You hit Duvessa.
Duvessa is heavily wounded.
You feel sick. Duvessa hits you but does no damage.
You are more poisoned.
You hit Duvessa.
Duvessa is severely wounded.
* * * LOW HITPOINT WARNING * * *
You feel very sick.
You hit Duvessa but do no damage.
Duvessa is severely wounded.
* * * LOW HITPOINT WARNING * * *
You feel very sick.
Duvessa zaps a wand.
The bolt of light hits you!
You are confused.
* * * LOW HITPOINT WARNING * * *
You're too confused to move!
* * * LOW HITPOINT WARNING * * *
You feel sick.
You are too berserk!
You bump into the rock wall.
You feel a strong urge to attack something.
You die...

#.# ###
####.#########.#
####.# #.. ..#.#
#.# .....###.#
#.#.# #..
#...##.#####.#.#
###
#....#.#.......#
#........###.###
##.###.### #.#
#.# #.#####.#
#.# #..e@<..#
#.# #########
#.# #.# #e# #.#
#.#######
≈#.####........
≈..............


You could see Duvessa.

Vanquished Creatures
  Eustachio (D:4)
  2 phantoms
  A gnoll bouda (D:4)
  An iguana (D:4)
  5 adders
  2 ufetubi (D:4)
  3 worms
  2 dart slugs (D:2)
  2 orcs (D:4)
  4 ball pythons
  4 endoplasms
  3 giant cockroaches
  5 goblins
  8 hobgoblins
  2 jackals (D:2)
  A quokka (D:4)
  9 bats
  5 frilled lizards
  3 kobolds
  3 rats
66 creatures vanquished.

Notes
Turn   | Place    | Note
-------+----------+-------------------------------------------
     0 | D:1      | Gumption the Minotaur Berserker began the quest for the
                  | Orb.
     0 | D:1      | Reached XP level 1. HP: 19/19 MP: 0/0
   429 | D:1      | Reached skill level 4 in Axes
   464 | D:1      | Reached XP level 2. HP: 27/27 MP: 1/1
   921 | D:2      | Reached XP level 3. HP: 31/33 MP: 2/2
  1016 | D:2      | Reached ** piety under Trog
  1556 | D:3      | Reached skill level 5 in Axes
  1556 | D:3      | Reached XP level 4. HP: 41/41 MP: 3/3
  1932 | D:3      | Found a faded altar of an unknown god.
  2130 | D:3      | Noticed a phantom
  2156 | D:3      | Killed a phantom
  2157 | D:3      | Reached XP level 5. HP: 47/47 MP: 4/4
  2509 | D:4      | Reached skill level 6 in Axes
  2590 | D:4      | Reached skill level 5 in Fighting
  2688 | D:4      | Noticed a phantom
  2703 | D:4      | Killed a phantom
  2704 | D:4      | Reached XP level 6. HP: 52/56 MP: 5/5
  2813 | D:4      | Noticed Eustachio
  2835 | D:4      | Killed Eustachio
  2836 | D:4      | Reached skill level 7 in Axes
  2903 | D:4      | Noticed Dowan
  2904 | D:4      | Noticed Duvessa
  2939 | D:4      | HP: 4/84 [Duvessa/bolt of light (14)]
  2941 | D:4      | Succumbed to Duvessa's poison

Illustrated notes

Levels and vault maps discovered:
D:1:      ncdulo_smallfort, layout_loops_ring, minmay_misc_feat_encased
D:2:      layout_rooms
D:3:      layout_loops_cross, ebering_ecumenical_altar_webs, minmay_cut_off
D:4:      layout_loops_corners, nicolae_vehumet_radiance, nrook_uturn,
          nicolae_wooded_promenade, hangedman_decor_push, minmay_diced_spiral,
          uniq_eustachio, uniq_duvessa

Skill      XL: |  1  2  3  4  5  6 |
---------------+-------------------+-----
Axes           | 4 5 6 7 |  7.2
Fighting       | 4 5 |  5.6
Armour         | 3 4 |  4.8
Dodging        | |  2.1

Action                   |  1- 3 |  4- 6 || total
-------------------------+-------+-------++-------
Melee: Hand axe          |    67 |    90 ||   157
       Headbutt          |     6 |    19 ||    25
       Punch             |       |     1 ||     1
 Fire: Sling             |     3 |       ||     3
Throw: Boomerang         |       |    15 ||    15
Invok: Berserk           |       |     2 ||     2
       Trog's Hand       |       |     2 ||     2
  Use: Scroll            |     4 |     1 ||     5
Armor: Leather armour    |    14 |     7 ||    21
       Ring mail         |       |    13 ||    13
Dodge: Dodged            |    43 |    53 ||    96
